 Dungeon Crawl Stone Soup version 0.29.1-14-g9c671dbff4 (webtiles) character file.

Game seed: 11212909796710885419

37 Ast3rio the Covered (level 3, -8/33 HPs)
             Began as a Hill Orc Fighter on Feb 14, 2023.
             Was an Initiate of Beogh.
             Mangled by a gnoll sergeant
             ... wielding a +2 vampiric trident
             ... created by the fury of Okawaru
              (11 damage)
             ... on level 3 of the Dungeon.
             The game lasted 00:03:29 (705 turns).

Ast3rio the Covered (Hill Orc Fighter)               Turns: 705, Time: 00:03:29

Health: -8/33      AC:  7    Str: 20    XL:     3   Next: 39%
Magic:  3/3        EV:  9    Int:  8    God:    Beogh [......]
Gold:   60         SH:  4    Dex: 10    Spells: 2/2 levels left

rFire   . . .      SeeInvis .   a - +0 war axe
rCold   . . .      Faith    .   c - +0 buckler
rNeg    . . .      Spirit   .   b - +0 scale mail
rPois   .          Reflect  .   (no helmet)
rElec   .          Harm     .   (no cloak)
rCorr   .          Rampage  .   (no gloves)
Will    .....                   (no boots)
Stlth   ..........              (no amulet)
HPRegen 0.11/turn               (no ring)
MPRegen 0.08/turn               (no ring)

@: no status effects
A: no striking features
a: Renounce Religion


You were on level 3 of the Dungeon.
You worshipped Beogh.
Beogh was noncommittal.
You visited 1 branch of the dungeon, and saw 3 of its levels.

You collected 60 gold pieces.

Inventory:

Hand Weapons
 a - a +0 war axe (weapon)
Armour
 b - a +0 scale mail (worn)
 c - a +0 buckler (worn)
Scrolls
 f - a scroll of summoning {unknown}
 g - a scroll of silence {unknown}
 h - a scroll of teleportation {unknown}
 i - a scroll of identify {unknown}
 k - a scroll of blinking {unknown}
 l - 2 scrolls of enchant armour {unknown}
Potions
 d - a potion of might
 e - a potion of heal wounds {unknown}
 j - a potion of lignification {unknown}


   Skills:
 + Level 3.9 Fighting
 + Level 3.3 Axes
 + Level 4.0 Armour
 + Level 3.5 Shields


You had 2 spell levels left.
You didn't know any spells.
Your spell library contained the following spells:

 Spells                   Type           Power      Damage    Failure   Level
 Poisonous Vapours        Pois/Air       0%         N/A       94%         2
 Corpse Rot               Necr/Pois/Air  0%         N/A       100%        4


Dungeon Overview and Level Annotations

Branches:
Dungeon (3/15)

Altars:
Okawaru


Message History

You kill the giant cockroach!
Beogh accepts your kill.
You hit the kobold. You slash the endoplasm!
You kill the endoplasm!
Beogh accepts your kill.
The orc hits the orc priest with a +2 flail of draining.
The orc priest barely misses the orc.
You block the kobold's attack.
You barely miss the kobold.
The kobold is severely wounded.
You slash the rat!
You kill the rat!
Beogh accepts your kill.
The orc hits the orc priest with a +2 flail of draining!
The orc priest hits the orc with a +2 mace of venom.
The orc dies!
The kobold hits you but does no damage.
You hit the kobold.
You kill the kobold!
Beogh accepts your kill.
Found 12 gold pieces.
Things that are here:
a +0 short sword; 4 poisoned darts
Found a stone staircase leading up.
Okawaru sends forces against you!
A gnoll sergeant and 4 gnolls come into view.
The gnoll sergeant is wielding a +2 vampiric trident.
A gnoll is wielding a +0 whip of venom.
You see here 12 gold pieces.
The gnoll shouts! x2
The gnoll hits you with a +0 whip.
The gnoll sergeant hits you with a +2 vampiric trident!
* * * LOW HITPOINT WARNING * * *
You hit the gnoll sergeant.
The gnoll sergeant is lightly wounded.
You barely miss the gnoll. You hit the gnoll. The gnoll closely misses you.
The gnoll hits you from afar with a +0 spear.
* * * LOW HITPOINT WARNING * * *
The gnoll hits you with a +0 club.
* * * LOW HITPOINT WARNING * * *
The gnoll sergeant hits you with a +2 vampiric trident!
You die...

########
####......# .
#.<.......######..
#.................
#........gg......#
#.........@.g....#
#........g.g.....#
.................#
#...).....########
#####......#
...o#......#
....o.))...#
....#.†.$..#
....####...#


You could see a gnoll sergeant, 4 gnolls and a neutral orc (wandering).

Vanquished Creatures
  2 adders (D:2)
  A dart slug (D:2)
  An orc (D:3)
  2 endoplasms
  A giant cockroach (D:3)
  2 goblins (D:2)
  A hobgoblin (D:3)
  2 ball pythons (D:2)
  A frilled lizard (D:2)
  2 kobolds
  3 rats
18 creatures vanquished.

Vanquished Creatures (others)
  An orc (D:3)
1 creature vanquished.

Grand Total: 19 creatures vanquished

Notes
Turn   | Place    | Note
-------+----------+-------------------------------------------
     0 | D:1      | Ast3rio the Hill Orc Fighter began the quest for the Orb.
     0 | D:1      | Reached XP level 1. HP: 19/19 MP: 1/1
     5 | D:1      | You fall into a shaft and drop 1 floor!
    24 | D:2      | Found an iron altar of Okawaru.
    33 | D:2      | Became a worshipper of Warmaster Okawaru
   392 | D:2      | Reached XP level 2. HP: 17/27 MP: 2/2
   529 | D:2      | Reached skill level 4 in Armour
   529 | D:2      | Reached XP level 3. HP: 27/33 MP: 3/3
   676 | D:3      | Fell from the grace of Okawaru
   676 | D:3      | Became a worshipper of Beogh the Brigand
   703 | D:3      | Noticed a gnoll sergeant
   705 | D:3      | Mangled by a gnoll sergeant

Illustrated notes

Levels and vault maps discovered:
D:1:      sevenhm_arrival_forest_fort_large_3, layout_loops_ring,
          hangedman_abyss_or_decor_lesser_grid
D:2:      layout_basic, basic_altar
D:3:      minmay_general_purpose_star, layout_basic, gammafunk_ghost_necromancy,
          minivault_5

Skill      XL: |  1  2  3 |
---------------+----------+-----
Armour         | 4 |  4.0
Axes           | 3 |  3.3
Fighting       | |  3.9
Shields        | |  3.5

Action                   || total
-------------------------++-------
Melee: War axe           ||    33
Invok: Convert to Beogh  ||     1
Armor: Scale mail        ||    11
Dodge: Dodged            ||    14
Block: Buckler           ||     7
